 Dungeon Crawl Stone Soup version 0.24-a0-417-g1cce26a (webtiles) character file.

Game seed: 16198727767470616323

298 pkoi the Slasher (level 6, -4/52 HPs)
             Began as a Minotaur Gladiator on June 10, 2019.
             Killed by nerve-wracking pain
             ... invoked by Grinder
              (11 damage)
             ... while paralysed by Grinder
             ... on level 3 of the Dungeon.
             The game lasted 00:03:47 (2974 turns).

pkoi the Slasher (Minotaur Gladiator)               Turns: 2974, Time: 00:03:47

Health: -4/52      AC:  9    Str: 21    XL:     6   Next: 13%
Magic:  5/5        EV:  2    Int:  5    God:
Gold:   159        SH:  0    Dex: 11    Spells: 5/5 levels left

rFire    . . .     SeeInvis .   a - +0 long sword
rCold    . . .     Gourm    .   (no shield)
rNeg     . . .     Faith    .   g - +0 chain mail
rPois    .         Spirit   .   c - +0 hat
rElec    .         Reflect  .   (no cloak)
rCorr    .         Harm     .   (no gloves)
MR       .....                  (no boots)
Stlth    ..........             (no amulet)
HPRegen  0.17/turn              (no ring)
MPRegen  0.09/turn              (no ring)

@: paralysed
A: retaliatory headbutt, horns 2
a: no special abilities


You were on level 3 of the Dungeon.
You were not hungry.

You visited 1 branch of the dungeon, and saw 3 of its levels.
You also visited: Sewer.

You collected 159 gold pieces.

Inventory:

Hand Weapons
 a - a +0 long sword (weapon)
 s - a +1 dagger of venom
Missiles
 d - 3 throwing nets (quivered)
Armour
 c - a +0 hat (worn)
 g - a +0 chain mail (worn)
Wands
 t - a wand of iceblast (9)
Scrolls
 b - 2 scrolls of identify {unknown}
 i - a scroll of remove curse
 j - a scroll of blinking {unknown}
 l - 2 scrolls of immolation {unknown}
 m - a scroll of fear {unknown}
 v - 3 scrolls of teleportation
 w - a scroll of fog {unknown}
Potions
 e - 3 potions of mutation {unknown}
 h - a potion of curing {unknown}
 k - a potion of haste {unknown}
 o - 2 potions of heal wounds {unknown}
 p - a potion of lignification {unknown}
 q - 2 potions of flight {unknown}
 r - a potion of resistance
 u - a potion of magic {unknown}
Comestibles
 f - 5 rations
 n - a chunk of flesh


   Skills:
 + Level 4.0 Fighting
 * Level 6.1 Long Blades
 - Level 2.0 Throwing
 + Level 2.8 Armour
 + Level 4.4 Dodging
 + Level 0.0 Evocations


You had 5 spell levels left.
You didn't know any spells.
Your spell library was empty.

Dungeon Overview and Level Annotations

Branches:
Dungeon (3/15)

Altars:

Annotations:
D:3 Grinder


Innate Abilities, Weirdness & Mutations

You reflexively headbutt those who attack you in melee.
You have a pair of horns on your head.


Message History

Grinder is moderately wounded.
Grinder hits you.
* * * LOW HITPOINT WARNING * * *
You barely miss Grinder. You headbutt Grinder!
Grinder is severely wounded.
Grinder hits you but does no damage. Grinder gestures at you.
Pain shoots through your body!
* * * LOW HITPOINT WARNING * * *
You closely miss Grinder.
Grinder is severely wounded.
Grinder hits you.
* * * LOW HITPOINT WARNING * * *
You hit Grinder. You headbutt Grinder!
Grinder is almost dead.
Grinder gestures at you.
You suddenly lose the ability to move!
Grinder gestures at you. Pain shoots through your body!
You die...

*,,* *,#.# #<..... *,,*
*,#.#*** #.#.... ****,,*
*,,,,,,*****#######....##
,,,,,,*
***,**,,,,,,........#.##
*****,*****,********#########.#
****,,,,,,,,* #.#
,,,,,,,,,######### #.#
****,,**,......5.# *########.#
*,,*********#@# *.........#
*,,* #.# *.#######.# **,,*****
#.# *,* #.# *,,,,,,,* #.#
**,*######.### **,,***,* #.#
*,*.........). **,* *,* #.#
**,######.#### *,* *,* #.# ***
#.# *** *,***,* #.# #.#
,,***,,,,,* ##.## #.#


You could see Grinder.

Vanquished Creatures
  A big kobold (Sewer)
  2 orc wizards (D:3)
  5 adders
  2 river rats (Sewer)
  An ooze (D:3)
  5 worms
  2 dart slugs
  A leopard gecko (D:1)
  4 orcs (D:3)
  2 ball pythons (D:3)
  A giant cockroach (D:2)
  9 goblins
  11 hobgoblins
  7 jackals
  A quokka (D:3)
  6 bats
  5 frilled lizards
  10 kobolds
  11 rats
86 creatures vanquished.

Notes
Turn   | Place    | Note
-------+----------+-------------------------------------------
     0 | D:1      | pkoi the Minotaur Gladiator began the quest for the Orb.
     0 | D:1      | Reached XP level 1. HP: 18/18 MP: 0/0
    59 | D:1      | Reached skill level 4 in Long Blades
   253 | D:1      | Reached XP level 2. HP: 25/25 MP: 1/1
   821 | D:2      | Reached skill level 1 in Armour
   821 | D:2      | Reached XP level 3. HP: 17/30 MP: 2/2
  1329 | D:2      | Reached XP level 4. HP: 29/38 MP: 3/3
  1337 | D:2      | Reached skill level 5 in Long Blades
  2118 | D:3      | Reached XP level 5. HP: 36/45 MP: 4/4
  2147 | D:3      | Found a glowing drain.
  2189 | Sewer    | Entered a sewer
  2360 | Sewer    | Reached skill level 6 in Long Blades
  2360 | Sewer    | Reached XP level 6. HP: 43/52 MP: 5/5
  2377 | Sewer    | Found a white marble altar of Elyvilon.
  2961 | D:3      | Noticed Grinder
  2973 | D:3      | Paralysed by Grinder for 6 turns
  2974 | D:3      | Killed from afar by Grinder

Levels and vault maps discovered:
D:1:      eino_arrival_water_cross, layout_loops_ring
D:2:      layout_loops_ring, minmay_three_crescents
D:3:      layout_loops_ring, cheibrodos_sewer_entry_drain,
          minmay_goblin_kobold_house, uniq_grinder

Skill      XL: |  1  2  3  4  5  6 |
---------------+-------------------+-----
Long Blades    | 4 5 6 |  6.1
Armour         | 1 2 |  2.8
Fighting       | 3 4 |  4.0
Dodging        | 4 |  4.4
Throwing       | |  2.0

Action                   |  1- 3 |  4- 6 || total
-------------------------+-------+-------++-------
Melee: Long sword        |    94 |   112 ||   206
       Headbutt          |    14 |    20 ||    34
       Dagger            |       |    17 ||    17
  Use: Scroll            |     2 |     3 ||     5
  Eat: Chunk             |     1 |     6 ||     7
Armor: Leather armour    |     6 |       ||     6
       Chain mail        |    18 |    43 ||    61
       Plate armour      |    17 |    10 ||    27
Dodge: Dodged            |    41 |    54 ||    95
       Rpst.: Long sword |    19 |     8 ||    27

Table legend:
 A = Non-vault XP
 B = Vault XP
 C = Vault XP percentage of total XP
 D = Non-vault monster count
 E = Vault monster count
 F = Vault count percentage of total count
                 A         B        C        D         E       F
            +---------+---------+-------+---------+---------+-------
      Total |     245 |     182 |  42.6 |      67 |      19 |  22.1
            +---------+---------+-------+---------+---------+-------
        D:1 |      25 |       0 |   0.0 |      16 |       0 |   0.0
        D:2 |      82 |      33 |  28.7 |      27 |       5 |  15.6
        D:3 |     138 |      13 |   8.6 |      24 |       5 |  17.2
      Sewer |       0 |     136 | 100.0 |       0 |       9 | 100.0
            +---------+---------+-------+---------+---------+-------
